 Dungeon Crawl Stone Soup version 0.23.2-40-g277498a001 (webtiles) character file.

Game seed: 369341998446746460

434 Martska the Skirmisher (level 7, -11/63 HPs)
             Began as a Hill Orc Fighter on Oct 9, 2019.
             Killed by the enmity of Fedhas Madash (25 damage)
             ... on level 3 of the Dungeon.
             The game lasted 00:07:05 (3291 turns).

Martska the Skirmisher (Hill Orc Fighter)           Turns: 3291, Time: 00:07:05

Health: -11/63     AC:  9    Str: 21    XL:     7   Next: 0%
Magic:  7/7        EV:  7    Int:  8    God:
Gold:   133        SH:  9    Dex: 10    Spells: 6/6 levels left

rFire    . . .     SeeInvis .   a - +0 war axe
rCold    . . .     Gourm    .   c - +0 shield
rNeg     + . .     Faith    .   b - +0 scale mail
rPois    .         Spirit   .   h - +1 helmet
rElec    .         Reflect  .   (no cloak)
rCorr    .         Harm     .   (no gloves)
MR       +....                  (no boots)
Stlth    ..........             (no amulet)
HPRegen  0.20/turn              m - ring of protection from magic
MPRegen  0.10/turn              r - ring of positive energy

@: no status effects
A: no striking features
a: no special abilities


You were on level 3 of the Dungeon.
You were hungry.

You visited 1 branch of the dungeon, and saw 3 of its levels.

You collected 133 gold pieces.

Inventory:

Hand Weapons
 a - a +0 war axe (weapon)
Armour
 b - a +0 scale mail (worn)
 c - a +0 shield (worn)
 h - a +1 helmet (worn)
 s - a +0 ring mail
Jewellery
 m - a ring of protection from magic (left hand)
 r - a ring of positive energy (right hand)
Scrolls
 e - 3 scrolls of magic mapping {unknown}
 g - 2 scrolls of teleportation {unknown}
 j - 5 scrolls of identify {unknown}
 l - a scroll of enchant armour {unknown}
 n - a scroll of immolation {unknown}
 p - a scroll of blinking {unknown}
Potions
 d - a potion of might
 i - a potion of heal wounds {unknown}
 k - 2 potions of resistance {unknown}
 o - a potion of curing {unknown}
 q - a potion of lignification {unknown}
Comestibles
 f - 3 rations


   Skills:
 * Level 6.0 Fighting
 * Level 5.8 Axes
 + Level 4.5 Armour
 + Level 4.5 Shields


You had 6 spell levels left.
You didn't know any spells.
Your spell library was empty.

Dungeon Overview and Level Annotations

Branches:
Dungeon (3/15)

Altars:
Fedhas
Nemelex Xobeh
Qazlal


Message History

You hit the orc priest but do no damage.
The orc priest barely misses you.
You hit the orc priest.
The orc priest is heavily wounded.
The orc priest hits you with a +0 trident.
* * * LOW HITPOINT WARNING * * *
You hit the orc priest but do no damage.
The orc priest is heavily wounded.
You block the orc priest's attack.
The orc priest hits you with a +0 trident.
* * * LOW HITPOINT WARNING * * *
You slash the orc priest!
You kill the orc priest!
Your Fighting skill increases to level 6!
You have reached level 7!
You start resting.
Fedhas invokes the elements against you.
You are caught in an explosion of flying shrapnel!
The explosion engulfs you!!
You die...

##...##............#
###.....#............#
#....................#
...#.####...........#
.....##.......#....##
....#...#.#####.####
.(.)..###.# #)#
.....## #.# #.##
###.## #.# #)@# # #.#
#.# ##)# ###.### #.#
#.# (.'...###.####
#..# ###.#........#
.!... #
#.####.....#......#
###.# #.....#......#
....# #.....#......#
.#### #######......#


There were no monsters in sight!

Vanquished Creatures
  Sigmund (D:3)
  An ogre (D:3)
  2 orc priests (D:3)
  An orc wizard (D:3)
  3 adders
  3 oozes
  A worm (D:3)
  2 leopard geckos (D:1)
  8 orcs (D:3)
  2 ball pythons
  2 giant cockroaches (D:3)
  8 goblins
  5 hobgoblins
  5 jackals
  A quokka (D:3)
  5 bats
  3 frilled lizards (D:1)
  7 kobolds
  5 rats
65 creatures vanquished.

Notes
Turn   | Place    | Note
-------+----------+-------------------------------------------
     0 | D:1      | Martska the Hill Orc Fighter began the quest for the Orb.
     0 | D:1      | Reached XP level 1. HP: 19/19 MP: 1/1
    32 | D:1      | You fall through a shaft!
   308 | D:1      | Reached XP level 2. HP: 27/27 MP: 2/2
   719 | D:1      | Reached skill level 4 in Fighting
   858 | D:1      | Reached XP level 3. HP: 32/33 MP: 3/3
  1386 | D:3      | Noticed Sigmund
  1399 | D:3      | Killed Sigmund
  1399 | D:3      | Reached skill level 5 in Fighting
  1399 | D:3      | Reached XP level 4. HP: 21/42 MP: 4/4
  1399 | D:3      | Reached XP level 5. HP: 24/48 MP: 5/5
  1510 | D:3      | Found a sparkling altar of Nemelex Xobeh.
  1550 | D:3      | Reached XP level 6. HP: 28/56 MP: 6/6
  1553 | D:3      | Reached skill level 5 in Axes
  1553 | D:3      | HP: 1/56 [orc/+0 trident (2)]
  2174 | D:3      | Found a faded altar of an unknown god.
  2183 | D:3      | Became a worshipper of Fedhas Madash
  2183 | D:3      | Reached * piety under Fedhas
  2185 | D:3      | Fell from the grace of Fedhas
  2769 | D:3      | Found a stormy altar of Qazlal.
  3240 | D:3      | Reached skill level 6 in Fighting
  3240 | D:3      | Reached XP level 7. HP: 4/63 MP: 7/7
  3291 | D:3      | Killed by the enmity of Fedhas Madash

Skill      XL: |  1  2  3  4  5  6 |
---------------+-------------------+-----
Fighting       | 4 5 6 |  6.0
Axes           | 3 4 5 |  5.8
Armour         | 4 |  4.5
Shields        | 4 |  4.5

Action                   |  1- 3 |  4- 6 |  7- 9 || total
-------------------------+-------+-------+-------++-------
Melee: War axe           |   109 |    79 |       ||   188
Invok: Renounce Religion |       |     1 |       ||     1
  Eat: Ration            |     1 |     1 |       ||     2
Armor: Scale mail        |    55 |    50 |       ||   105
Dodge: Dodged            |    55 |    33 |       ||    88
Block: Shield            |    60 |    53 |       ||   113
